[Event "Late-Titled-Tuesday-Blitz-June-04-2024"]
[Site "Chess.com"]
[Date "2024.06.04"]
[Round "7"]
[White "Godzillator"]
[Black "malti"]
[Result "1-0"]
[WhiteElo "2413"]
[BlackElo "2128"]
[TimeControl "180+1"]
[EndTime "15:15:10 PDT"]
[Termination "Godzillator won by resignation"]

1. e4 c5 2. Nc3 Nc6 3. g3 g6 4. Bg2 Bg7 5. Nge2 e6 6. O-O Nge7 7. f4 O-O 8. d3 b6 9. Be3 Bb7 10. Qd2 d5 11. exd5 Nxd5 12. Bf2 Nxc3 13. bxc3 Qc7 14. Rae1 Ne7 15. c4 Bxg2 16. Kxg2 Qc6+ 17. Kg1 Nf5 18. g4 Nd4 19. Nxd4 Bxd4 20. Bxd4 cxd4 21. f5 exf5 22.
gxf5 Rae8 23. f6 Rxe1 24. Qxe1 Re8 25. Qh4 Re2 26. Qg3 Qe8 27. Rf2 Re1+ 28. Kg2 h5 29. Qf4 Qe3 30. Qxe3 dxe3 31. Rf4 Re2+ 32. Kf3 Rxh2 33.
Kxe3 Rxc2 34. Kd4 Kf8 35. Kd5 Ke8 36. d4 Kd7 37. Re4 Rf2 38. Re7+ Kd8 39. Rxf7 Rf5+ 40. Ke6 h4 41. Rxa7 h3 42. Ra8+ Kc7 43. Rh8 Rh5 44. Rxh5 gxh5 45. f7 h2 46. f8=Q h1=Q 47. Qd6+ Kb7 48.
Qd5+ Qxd5+ 49. Kxd5 Kc7 50. Ke5 Kc6 51. a4 Kd7 52.
Kf5 Kd6 53. Kg5 Ke6 54. Kxh5 Kf5 55. d5 Ke5 56. Kg6 Kd6 57. Kf7 Kc5 58. Ke7 Kxc4 59.
d6 Kb4 60. d7 Kxa4 61. d8=Q b5 62. Kd6 1-0

[Event "Late-Titled-Tuesday-Blitz-June-04-2024"]
[Site "Chess.com"]
[Date "2024.06.04"]
[Round "7"]
[White "Flawless_Fighter"]
[Black "hansen"]
[Result "1-0"]
[WhiteElo "2692"]
[BlackElo "3022"]
[TimeControl "180+1"]
[EndTime "15:15:11 PDT"]
[Termination "Flawless_Fighter won on time"]

1. e4 e5 2. Nf3 Nc6 3. Nc3 Nf6 4. d4 exd4 5. Nxd4 Bb4 6. Nxc6 bxc6 7.
Bd3 d5 8. exd5 O-O 9. O-O cxd5 10. h3 c6 11. Qf3 h6 12. Bf4 Be6 13. Ne2 Re8 14. Nd4 Bd7 15. c3 Bf8 16. Rfe1 Qb6 17. b3 c5 18. Nf5 Kh8 19. Be5 Ne4 20. Qf4 Rxe5 21. Qxe5 Nf6 22. Rad1 Be6 23. Nxh6 Nd7 24.
Nxf7+ Bxf7 25. Qf5 Nf6 26. Re3 g6 27. Qg5 Nh7 28. Qf4 Qf6 29. Qg4 Qg5 30. Qd7 1-0

[Event "Late-Titled-Tuesday-Blitz-June-04-2024"]
[Site "Chess.com"]
[Date "2024.06.04"]
[Round "7"]
[White "King_Deded4d5"]
[Black "Synctel"]
[Result "1-0"]
[WhiteElo "2447"]
[BlackElo "2094"]
[TimeControl "180+1"]
[EndTime "15:15:14 PDT"]
[Termination "King_Deded4d5 won on time"]

1. d4 Nf6 2. Nf3 d5 3. c3 e6 4. Bf4 Bd6 5. e3 O-O 6. Nbd2 b6 7. h4 Bb7 8. h5 h6 9. Bd3 Nc6 10. Ne5 Ne7 11. Qf3 c5 12. Bxh6 Bxe5 13. dxe5 Ne4 14. Qg4 Nf5 15. Bxg7 Qg5 16. Qxg5 Nxg5 17. Bxf8 Rxf8 18.
f4 Ne4 19. Bxe4 dxe4 20. Kf2 b5 21. a4 Rd8 22. Rhd1 Rd3 23. Nf1 c4 24. axb5 1-0

[Event "Late-Titled-Tuesday-Blitz-June-04-2024"]
[Site "Chess.com"]
[Date "2024.06.04"]
[Round "7"]
[White "Shankland"]
[Black "dretch"]
[Result "1-0"]
[WhiteElo "2973"]
[BlackElo "2864"]
[TimeControl "180+1"]
[EndTime "15:15:15 PDT"]
[Termination "Shankland won on time"]

1. Nf3 d5 2. e3 Bg4 3. c4 c6 4. cxd5 cxd5 5. Qb3 Qc7 6. Nc3 Bxf3 7. gxf3 e6 8. d4 Nc6 9. Bd2 Nf6 10. Rc1 Be7 11. Bd3 O-O 12. f4 Rfc8 13. Rg1 Na5 14. Qc2 Nc4 15. Ke2 Qd7 16. Rg3 b5 17. Rcg1 Bf8 18. Qb1 b4 19. Nd1 Rab8 20. Bc1 b3 21. Nc3 Qc7 22. f3 Qa5 23. a4 Na3 24. bxa3 Qxc3 25.
Bb2 Qc6 26. Qf1 g6 27. Qg2 Kh8 28. Rh3 Qxa4 29. Bxg6 1-0

[Event "Late-Titled-Tuesday-Blitz-June-04-2024"]
[Site "Chess.com"]
[Date "2024.06.04"]
[Round "7"]
[White "andrejljepic"]
[Black "MaestroCheck"]
[Result "0-1"]
[WhiteElo "2433"]
[BlackElo "2629"]
[TimeControl "180+1"]
[EndTime "15:15:17 PDT"]
[Termination "MaestroCheck won by checkmate"]

1. d4 d5 2. Bf4 c5 3. e3 Nc6 4. Nf3 Nf6 5. Nbd2 e6 6. c3 cxd4 7. exd4 Nh5 8. Be3 Bd6 9. Ne5 Nf6 10. f4 Qb6 11. Qb3 Ng8 12. Bd3 f6 13. Nef3 Nge7 14.
O-O O-O 15. Qc2 g6 16. g3 Bd7 17. Nb3 Rac8 18. Nc5 Bxc5 19. dxc5 Qc7 20. b4 e5 21.
fxe5 fxe5 22. Be2 Bf5 23. Qb3 Rcd8 24. Bh6 Rf6 25. Bg5 Rf7 26. Nh4 Be6 27. Rxf7 Bxf7 28. Rf1 Qd7 29. Rf6 Kg7 30. Rd6 Qe8 31. Bf6+ Kg8 32.
b5 Na5 33. Qb4 Nc4 34. Bxc4 dxc4 35. c6 bxc6 36. Rxd8 Qxd8 37. Qxe7 Qd1+ 38. Kg2 Qe2+ 39. Kh3 Qf1+ 40. Kg4 h5+ 41. Kg5 Qc1# 0-1

[Event "Late-Titled-Tuesday-Blitz-June-04-2024"]
[Site "Chess.com"]
[Date "2024.06.04"]
[Round "7"]
[White "shimastream"]
[Black "ArtemDyachuk"]
[Result "0-1"]
[WhiteElo "2968"]
[BlackElo "2689"]
[TimeControl "180+1"]
[EndTime "15:15:18 PDT"]
[Termination "ArtemDyachuk won on time"]

1. c4 Nf6 2. Nc3 e5 3. Nf3 e4 4.
Ng5 c6 5. Qa4 Qe7 6. Qc2 d5 7.
cxd5 Bf5 8. d6 Qe5 9. Qb3 Bg6 10. Qxb7 Bxd6 11. Qxa8 Qxg5 12. Qxa7 O-O 13. d4 Qf5 14. h3 h5 15. g3 e3 16. Bxe3 Re8 17.
Bg2 Rxe3 18. O-O Re8 19. e4 Nxe4 20. Nxe4 Rxe4 21. Bxe4 Qxe4 22. h4 Qf3 23. d5 Be4 0-1

[Event "Late-Titled-Tuesday-Blitz-June-04-2024"]
[Site "Chess.com"]
[Date "2024.06.04"]
[Round "7"]
[White "Sacbutt"]
[Black "harshu27"]
[Result "0-1"]
[WhiteElo "2338"]
[BlackElo "2541"]
[TimeControl "180+1"]
[EndTime "15:15:18 PDT"]
[Termination "harshu27 won by resignation"]

1. e4 c5 2. Nc3 d6 3. g3 Nc6 4. Bg2 g6 5. d3 Bg7 6. Nge2 e5 7.
Be3 Nge7 8. Qd2 Be6 9. Bh6 Bxh6 10. Qxh6 Qb6 11. Rb1 O-O-O 12. O-O Nd4 13. Qd2 h5 14. h4 Rdg8 15. Nxd4 cxd4 16. Nd5 Bxd5 17. exd5 f6 18.
c3 g5 19. hxg5 Rxg5 20. cxd4 Qxd4 21. Rbc1+ Kb8 22. Rc4 Qb6 23. d4 Rg4 24. Rd1 Nf5 25. Rb4 Rxd4 26. Rxb6 Rxd2 27. Rxb7+ Kxb7 28. Rxd2 h4 29. g4 Nd4 30. Be4 Rg8 31. f3 f5 32. Rxd4 exd4 33.
Bxf5 Kb6 34. Kg2 Kc5 35. Kh3 Rh8 36. Be4 Kc4 37. f4 d3 38. g5 d2 39. Bf3 Kd4 40.
g6 Ke3 41. Bd1 Kxf4 42. g7 Rg8 0-1

[Event "Late-Titled-Tuesday-Blitz-June-04-2024"]
[Site "Chess.com"]
[Date "2024.06.04"]
[Round "7"]
[White "Roedor"]
[Black "mfschulz"]
[Result "1-0"]
[WhiteElo "2370"]
[BlackElo "2243"]
[TimeControl "180+1"]
[EndTime "15:15:21 PDT"]
[Termination "Roedor won on time"]

1. d4 Nf6 2. c4 c5 3. e3 g6 4. Nf3 Bg7 5. Nc3 O-O 6. Be2 cxd4 7.
exd4 d5 8. O-O Nc6 9. cxd5 Nxd5 10. h3 Be6 11. Ng5 Nxc3 12. bxc3 Bd5 13. Bf3 Bxf3 14. Nxf3 e5 15. Bg5 Qa5 16. d5 Nd8 17. c4 f6 18.
Bd2 Qc7 19. Rc1 Qc5 20. Qb3 a5 21. a4 f5 22. Be3 Qb4 23. Rb1 e4 24. Nd4 f4 25.
Qc2 Qe7 26. d6 Qxd6 27. Nb5 Qd3 28. Qxd3 exd3 29. Bc5 Rf5 30. Bd6 Nf7 31. c5 Nxd6 32.
cxd6 Rd8 33. Rfd1 Rd5 34. Kf1 Bf8 35. Rb3 Bxd6 36. Rbxd3 Rxd3 37. Rxd3 Be7 38. Rc3 Rd4 39.
Rc7 Re4 40. Rxb7 Bb4 41. f3 Re1+ 42. Kf2 Ra1 43. Nc7 Rxa4 44. Nd5 1-0

[Event "Late-Titled-Tuesday-Blitz-June-04-2024"]
[Site "Chess.com"]
[Date "2024.06.04"]
[Round "7"]
[White "WilliamAlfaroCaracas"]
[Black "LUISMIGUELOV"]
[Result "0-1"]
[WhiteElo "2351"]
[BlackElo "2227"]
[TimeControl "180+1"]
[EndTime "15:15:25 PDT"]
[Termination "LUISMIGUELOV won on time"]

1. Nf3 d5 2. c4 c6 3. g3 Bg4 4. Bg2 e6 5. O-O Nf6 6. d4 Be7 7. Qc2 h5 8. b3 Nbd7 9. Nc3 O-O 10. h3 Bxf3 11. Bxf3 h4 12. g4 Rc8 13. Rd1 dxc4 14.
bxc4 Nb6 15. Qb3 Qc7 16. Rb1 Rb8 17. Bg5 Nh7 18. Be3 Rfd8 19. Ne4 Nf6 20. Nxf6+ Bxf6 21. g5 Be7 22. g6 fxg6 23. Bg4 e5 24. d5 cxd5 25.
cxd5 Rd6 26. Be6+ Kh7 27. Rbc1 Qd8 28. Bc5 g5 29. Qd3+ g6 30. Qf3 Qf8 31. Qxf8 Rxf8 32. Bxd6 Bxd6 33. e4 Rf4 34. Re1 Na4 35. Kg2 Nc5 36.
f3 Rf6 37. Red1 Nxe6 38. dxe6 Rxe6 39. Rc8 b6 40. Rd8 Bc5 41. R8d7+ Kh6 42. Rxa7 Bd4 43. Rc1 Re8 44. Rcc7 Rh8 45. Rf7 g4 0-1

[Event "Late-Titled-Tuesday-Blitz-June-04-2024"]
[Site "Chess.com"]
[Date "2024.06.04"]
[Round "7"]
[White "Squirlolz"]
[Black "talaicito"]
[Result "1-0"]
[WhiteElo "2511"]
[BlackElo "2205"]
[TimeControl "180+1"]
[EndTime "15:15:26 PDT"]
[Termination "Squirlolz won on time"]

1. h4 e5 2. c4 f5 3. Nc3 Nf6 4. d4 e4 5. Bg5 Bb4 6. e3 O-O 7. Nh3 d6 8. Nf4 a5 9. h5 h6 10.
Bh4 Qe8 11. Ng6 Rf7 12. Rc1 c6 13. a3 Bxc3+ 14. Rxc3 Na6 15. Be2 Nc7 16. O-O d5 17.
Ne5 Rf8 18. f4 Be6 19. Ng6 Rf7 20. Ne5 Rf8 21. c5 Bf7 22. g4 fxg4 23. Bxf6 gxf6 24. Nxg4 Kg7 25. Qe1 Bxh5 26. Qh4 Bxg4 27. Bxg4 f5 28. Bh5 Qd7 29. Rc2 Kh7 30. Rg2 Rg8 31. Rf2 Rxg2+ 32.
Rxg2 Rg8 33. Rxg8 Kxg8 34. Bg6 Qg7 35. Qd8+ Qf8 36. Qxc7 Qf6 37. Qh7+ Kf8 38. Bxf5 Qh4 39. Qh8+ Kf7 40. Qh7+ Kf8 41. Kg2 Qh5 42. Qg6 Qf3+ 43. Kh2 Qf2+ 44. Kh1 Qf3+ 45. Qg2 Qxe3 46. Qf1 1-0

[Event "Late-Titled-Tuesday-Blitz-June-04-2024"]
[Site "Chess.com"]
[Date "2024.06.04"]
[Round "7"]
[White "Arimin1329"]
[Black "JaackCamel"]
[Result "1-0"]
[WhiteElo "2364"]
[BlackElo "2237"]
[TimeControl "180+1"]
[EndTime "15:15:26 PDT"]
[Termination "Arimin1329 won on time"]

1. Nf3 d5 2. g3 g6 3. Bg2 Bg7 4. O-O e5 5. d3 Ne7 6. e4 O-O 7. exd5 Nxd5 8. Bd2 Nc6 9. Nc3 h6 10. Re1 Be6 11. Nxd5 Bxd5 12. Bc3 f6 13. Nh4 Bxg2 14.
Kxg2 Qd5+ 15. Kg1 Kh7 16. Qg4 Qf7 17. Rad1 f5 18. Qh3 Rae8 19. Nf3 Kg8 20. Re2 e4 21. Nh4 Bxc3 22. bxc3 exd3 23. Rxe8 Rxe8 24. cxd3 Ne5 25. d4 Ng4 26. Nf3 Re2 27. Ne5 Nxe5 28. dxe5 Kg7 29.
Qh4 Rxe5 30. Qd4 Qf6 31. Qxa7 Re7 32. Qc5 c6 33. Rd8 Qe5 34. Qxe5+ Rxe5 35. Rd7+ Kf6 36. Rxb7 Ra5 37. Rb2 Ra3 38. c4 Ke5 39. h4 Rc3 40.
Rb4 Ra3 41. Rb2 Kd4 42. Rc2 Rc3 43. Rd2+ Kxc4 44. Rd6 c5 45. Rxg6 Kd3 46. Rxh6 1-0

[Event "Late-Titled-Tuesday-Blitz-June-04-2024"]
[Site "Chess.com"]
[Date "2024.06.04"]
[Round "7"]
[White "osh1ro"]
[Black "bascheyaro"]
[Result "0-1"]
[WhiteElo "2620"]
[BlackElo "2804"]
[TimeControl "180+1"]
[EndTime "15:15:27 PDT"]
[Termination "bascheyaro won by resignation"]

1. d4 d5 2. c4 c6 3. Nc3 Nf6 4. e3 Bf5 5. cxd5 Nxd5 6. f3 e6 7. e4 Nxc3 8. bxc3 Bg6 9. Be3 Nd7 10. Bd3 c5 11. Ne2 cxd4 12. cxd4 Bb4+ 13. Kf2 O-O 14. Qb3 Qb6 15. Rab1 Bd6 16. h4 h6 17.
Qxb6 Nxb6 18. Rhc1 Rfc8 19. Nf4 Bh7 20. Ne2 Ba3 21. Rxc8+ Rxc8 22. Rb3 Be7 23. d5 exd5 24. exd5 Bxd3 25. Rxd3 Bxh4+ 26. g3 Bf6 27. d6 Nd7 28. Nf4 Rc2+ 29. Kf1 Rxa2 30. Nd5 Be5 31. Ne7+ Kf8 32.
Nf5 Rc2 33. f4 Rc3 34. Rd1 Bf6 35. Bxa7 b6 36. Rb1 Rc5 37. Ne3 Rc6 38. Nf5 h5 39. Rd1 g6 40. Ne3 Bd8 41. Ke2 Rc5 42. Ra1 f5 43. Rd1 Ra5 44. Rc1 Rxa7 45. Rc8 Ke8 46. Nd5 Nc5 47. Nf6+ Kf7 48. Nd5 Ne6 49. Nc7 Bxc7 50.
dxc7 Rxc7 0-1

[Event "Late-Titled-Tuesday-Blitz-June-04-2024"]
[Site "Chess.com"]
[Date "2024.06.04"]
[Round "7"]
[White "xakevicius91"]
[Black "pinelone"]
[Result "1-0"]
[WhiteElo "2563"]
[BlackElo "2411"]
[TimeControl "180+1"]
[EndTime "15:15:30 PDT"]
[Termination "xakevicius91 won by resignation"]

1. e4 c6 2. d4 d5 3. e5 c5 4. Nf3 Bg4 5. dxc5 e6 6. Be3 Ne7 7. c3 Nd7 8. Bb5 Qc7 9. Nbd2 Nc6 10. h3 Bxf3 11. Nxf3 Bxc5 12. Bxc5 Nxc5 13. O-O O-O 14. Re1 Qb6 15. Qe2 Rac8 16. Rac1 a6 17. Bxc6 bxc6 18. Nd4 Ne4 19. f3 Ng3 20. Qf2 Nf5 21. Nxf5 Qxf2+ 22. Kxf2 exf5 23. Ke3 c5 24. Red1 Rfd8 25. b4 Kf8 26. a3 Ke7 27. g4 Ke6 28. Kf4 fxg4 29.
hxg4 h6 30. c4 dxc4 31. Rxd8 Rxd8 32. Rxc4 cxb4 33. Rxb4 g5+ 34. Ke4 f5+ 35. gxf5+ Kf7 36. Rb7+ Kf8 37. f6 1-0

[Event "Late-Titled-Tuesday-Blitz-June-04-2024"]
[Site "Chess.com"]
[Date "2024.06.04"]
[Round "7"]
[White "jcibarra"]
[Black "Oleksandr_Bortnyk"]
[Result "0-1"]
[WhiteElo "2921"]
[BlackElo "3044"]
[TimeControl "180+1"]
[EndTime "15:15:31 PDT"]
[Termination "Oleksandr_Bortnyk won on time"]

1. e4 d6 2. d4 Nf6 3. Nc3 Nbd7 4. Nf3 e5 5. Bc4 Be7 6. a4 O-O 7. O-O a6 8. Re1 b6 9. b3 Bb7 10. Bb2 c6 11. d5 Nc5 12. dxc6 Bxc6 13. Nd2 Qd7 14. Qf3 b5 15. axb5 axb5 16. Bf1 b4 17.
Nd5 Nxd5 18. exd5 Bb7 19. Bc4 f5 20. Rxa8 Rxa8 21. Qe3 Bf6 22. Nf3 Ne4 23. Qb6 Ra2 24.
Rb1 Nc3 25. Bxc3 bxc3 26. Bb5 Qe7 27. Bc6 Ba6 28. Ne1 e4 29. b4 Bc4 30. b5 f4 31.
Qb8+ Kf7 32. b6 e3 33. Qe8+ Qxe8 34. Bxe8+ Kxe8 35. b7 exf2+ 36. Kxf2 Bd4+ 37. Kf3 Bxd5+ 38. Kxf4 Ba7 39. b8=Q+ Bxb8 40. Rxb8+ Ke7 41. Rc8 Ra1 42. Nf3 Ra4+ 43. Ke3 Re4+ 44. Kd3 Rg4 45. Ne1 Bxg2 46. Rxc3 Ke6 47. Ke2 Be4 48. Re3 d5 49. Ra3 Rh4 50.
Nf3 Bxf3+ 51. Rxf3 Rxh2+ 52. Kd3 g5 0-1

[Event "Late-Titled-Tuesday-Blitz-June-04-2024"]
[Site "Chess.com"]
[Date "2024.06.04"]
[Round "7"]
[White "norwaytoadog"]
[Black "howitzer14"]
[Result "0-1"]
[WhiteElo "2333"]
[BlackElo "3022"]
[TimeControl "180+1"]
[EndTime "15:15:31 PDT"]
[Termination "howitzer14 won on time"]

1. e4 c5 2. Nf3 e6 3. d4 cxd4 4. Nxd4 a6 5. c4 Nf6 6. Nc3 Qc7 7. Be2 b6 8. Be3 Bb7 9. f3 d6 10. Rc1 Nbd7 11. O-O Be7 12. Qe1 O-O 13. g4 Rac8 14. Qg3 Qb8 15. h4 Bd8 16. g5 Nh5 17. Qg4 g6 18. f4 Qa8 19. Nxe6 fxe6 20. Qxe6+ Rf7 21.
Bxh5 gxh5 22. Nd5 Nf8 23. Qh6 Bxd5 24. cxd5 Rxc1 25. Rxc1 Bc7 26. Rc6 Qe8 27. Rc4 b5 28. Rb4 a5 29. Rb3 Qxe4 30. Qxh5 a4 31. Rc3 b4 0-1

[Event "Late-Titled-Tuesday-Blitz-June-04-2024"]
[Site "Chess.com"]
[Date "2024.06.04"]
[Round "7"]
[White "Bryanl106"]
[Black "ImportedItalianMaple"]
[Result "0-1"]
[WhiteElo "2715"]
[BlackElo "2574"]
[TimeControl "180+1"]
[EndTime "15:15:32 PDT"]
[Termination "ImportedItalianMaple won by resignation"]

1. e4 g6 2. d4 Bg7 3. Nf3 d6 4. Bc4 Nc6 5. c3 e5 6. dxe5 Nxe5 7. Nxe5 Bxe5 8. O-O Ne7 9. Bh6 Be6 10. Bxe6 fxe6 11. Qb3 Kd7 12. f4 Bf6 13. e5 dxe5 14.
Rd1+ Nd5 15. c4 c6 16. cxd5 cxd5 17. Nc3 Qb6+ 18. Qxb6 axb6 19. fxe5 Bxe5 20. Be3 Rhc8 21. Bxb6 Bxc3 22. bxc3 Rxc3 23. a4 Kc6 24. a5 e5 25.
Rf1 d4 26. Rae1 Re8 27. Rf6+ Kd5 28. Rf7 d3 29. Rd7+ Kc4 30. Re4+ Kb3 31. Be3 Kc2 32.
h4 Re6 33. Kh2 h5 34. Rb4 e4 35. Rdxb7 Kd1 36. Rb2 Rc2 37. Kg3 Ke2 38. Bg5 e3 39. Bf4 Rxb2 40. Rxb2+ d2 41. Ra2 Ke1 42. Bxe3 Rxe3+ 43. Kf4 Re8 44. Rxd2 Kxd2 45. Kg5 Re6 46. g4 hxg4 47.
Kxg4 Ra6 48. Kg5 Ke3 0-1

[Event "Late-Titled-Tuesday-Blitz-June-04-2024"]
[Site "Chess.com"]
[Date "2024.06.04"]
[Round "7"]
[White "MaxLeto"]
[Black "DishonorOnYourCow"]
[Result "0-1"]
[WhiteElo "2436"]
[BlackElo "2583"]
[TimeControl "180+1"]
[EndTime "15:15:33 PDT"]
[Termination "DishonorOnYourCow won on time"]

1. g4 d5 2. Bg2 c5 3. h3 Nc6 4. c4 d4 5. d3 e5 6. Nd2 h5 7. Qa4 hxg4 8. hxg4 Rxh1 9. Bxc6+ Bd7 10. Bxd7+ Qxd7 11. Qxd7+ Kxd7 12. Kf1 Bd6 13. Kg2 Rh4 14.
Kg3 Rh8 15. Ne4 Ne7 16. Nf3 g6 17. g5 Nf5+ 18. Kg2 Nh4+ 19. Nxh4 Rxh4 20. Bd2 Rah8 21. a3 Rh2+ 22. Kg3 Rh1 23. Ra2 Rg1+ 24. Kf3 Rh3+ 25. Ng3 e4+ 26. dxe4 Bxg3 27. fxg3 Rhxg3+ 28. Kf2 Rg4 29. b4 Rb1 30. Kf3 Rh4 31. bxc5 Rb3+ 32. Kg2 Rxe4 33. Kf2 Re5 34. Bb4 Rxg5 35. Rd2 Rf5+ 36. Kg2 Rf4 37. Rd1 Kc6 38. Rd2 a5 39. Bxa5 Kxc5 40. Bb4+ Kxc4 41. Rc2+ Kd5 42. Rc7 Rg4+ 43. Kf2 Rf4+ 44. Kg2 Re3 45. Rxb7 Rxe2+ 46. Kg3 g5 0-1

[Event "Late-Titled-Tuesday-Blitz-June-04-2024"]
[Site "Chess.com"]
[Date "2024.06.04"]
[Round "7"]
[White "Chessdude1987"]
[Black "Cuchulin"]
[Result "0-1"]
[WhiteElo "2385"]
[BlackElo "2283"]
[TimeControl "180+1"]
[EndTime "15:15:33 PDT"]
[Termination "Cuchulin won on time"]

1. e4 c5 2. Nf3 Nc6 3. d4 cxd4 4. Nxd4 g6 5. c4 Nf6 6. Nc3 d6 7. Be2 Nxd4 8. Qxd4 Bg7 9. O-O O-O 10. Qd1 a5 11.
Be3 a4 12. Nxa4 Nxe4 13. Nb6 Rb8 14. Qc2 Nc5 15. Nxc8 Rxc8 16. Rad1 Qb6 17. b3 Qa5 18. h4 Ra8 19. Rd2 Bc3 20. Rd5 Bf6 21. a4 Bxh4 22. g3 Bf6 23. Bd2 Qb6 24. Bd1 e6 25. a5 Qc6 26.
Rd3 Nxd3 27. Qxd3 d5 28. Bf3 Qc5 29. cxd5 exd5 30. Rc1 Qd6 31. Qxd5 Qxd5 32. Bxd5 Rad8 33. Bxb7 Rxd2 34. a6 Ra2 35. Rc6 Bd4 36. b4 Bxf2+ 37. Kf1 Re8 38. b5 Bxg3 0-1

[Event "Late-Titled-Tuesday-Blitz-June-04-2024"]
[Site "Chess.com"]
[Date "2024.06.04"]
[Round "7"]
[White "BashiqChess"]
[Black "ManMish2"]
[Result "0-1"]
[WhiteElo "2469"]
[BlackElo "2640"]
[TimeControl "180+1"]
[EndTime "15:15:34 PDT"]
[Termination "ManMish2 won on time"]

1. Nf3 Nf6 2. b3 d5 3. Bb2 c5 4. e3 e6 5. d4 Nc6 6. Bd3 Bd6 7.
O-O O-O 8. Ne5 cxd4 9. exd4 Nd7 10. f4 f5 11. Nd2 Nf6 12. Ndf3 Ne4 13. Bxe4 fxe4 14.
Nxc6 bxc6 15. Ne5 Ba6 16. Rf2 Bxe5 17. dxe5 c5 18. Qe1 Qh4 19. g3 Qg4 20. c4 Bb7 21. cxd5 exd5 22. Qc3 d4 23. Qxc5 e3 24. Qxd4 exf2+ 25. Qxf2 Rac8 26. Re1 Qf5 27. Re2 Ba6 28. Rd2 Rfd8 0-1

[Event "Late-Titled-Tuesday-Blitz-June-04-2024"]
[Site "Chess.com"]
[Date "2024.06.04"]
[Round "7"]
[White "ncofre98"]
[Black "isla88"]
[Result "1-0"]
[WhiteElo "2607"]
[BlackElo "2451"]
[TimeControl "180+1"]
[EndTime "15:15:34 PDT"]
[Termination "ncofre98 won by checkmate"]

1. c4 e5 2. Nc3 Nf6 3. Nf3 e4 4. Ng5 c6 5. Ngxe4 Nxe4 6. Nxe4 d5 7. cxd5 cxd5 8. Nc3 d4 9. Ne4 f5 10. Ng3 h5 11. e3 h4 12. Ne2 Nc6 13. Qa4 dxe3 14.
dxe3 h3 15. Bd2 Qb6 16. Bc3 Be6 17. Nd4 Bd5 18. Rg1 O-O-O 19. O-O-O Bc5 20. gxh3 Nxd4 21. Bxd4 Bf3 22. Rd2 Kb8 23. Kb1 Be4+ 24. Ka1 Bc6 25. Qd1 Bb4 26. Be5+ Kc8 27. Rd4 Bc5 28. Bd3 Bxd4 29.
Bxf5+ Bd7 30. Bxd7+ Rxd7 31. exd4 Qe6 32. Qc2+ Qc6 33.
Qd2 Kd8 34. Rc1 Qg6 35. Qc3 Ke7 36. Qa3+ Ke6 37. Qb3+ Kf5 38. Qd3+ Ke6 39. Qxg6+ Kd5 40. Qg2+ Ke6 41. Qg4+ Kf7 42. Qxd7+ Kg6 43. Qg4+ Kh7 44. Qxg7# 1-0

[Event "Late-Titled-Tuesday-Blitz-June-04-2024"]
[Site "Chess.com"]
[Date "2024.06.04"]
[Round "7"]
[White "emeli_chess"]
[Black "ChempionBg"]
[Result "1-0"]
[WhiteElo "2365"]
[BlackElo "2242"]
[TimeControl "180+1"]
[EndTime "15:15:34 PDT"]
[Termination "emeli_chess won on time"]

1. d4 Nf6 2. c4 g6 3. Nc3 Bg7 4. e4 d6 5. f3 O-O 6. Be3 Nc6 7. Nge2 a6 8. Qd2 Rb8 9. Bh6 b5 10. h4 e5 11. d5 Nd4 12. Bxg7 Kxg7 13. Nxd4 exd4 14.
Qxd4 bxc4 15. O-O-O h5 16. Be2 Bd7 17. g4 hxg4 18. fxg4 Kg8 19. h5 g5 20. Rdf1 Nh7 21. e5 dxe5 22. Qxe5 Re8 23. Qd4 Qe7 24. Bxc4 Qe3+ 25.
Qxe3 Rxe3 26. d6 cxd6 27. Rxf7 Be6 28. Bxe6 Rxe6 29. Ra7 d5 30. Rd1 Rb4 31. Rxd5 Rxg4 32. Rd8+ Nf8 33. Nd5 Rg2 34. Ne7+ 1-0

[Event "Late-Titled-Tuesday-Blitz-June-04-2024"]
[Site "Chess.com"]
[Date "2024.06.04"]
[Round "7"]
[White "Smoking_Crow"]
[Black "pirulillo"]
[Result "1-0"]
[WhiteElo "2550"]
[BlackElo "2376"]
[TimeControl "180+1"]
[EndTime "15:15:35 PDT"]
[Termination "Smoking_Crow won by checkmate"]

1. e4 c5 2. Nf3 e6 3. c3 Nf6 4. e5 Nd5 5. d4 d6 6. Bc4 Be7 7. O-O O-O 8. Qe2 cxd4 9. cxd4 Nc6 10. Bd2 dxe5 11. dxe5 a6 12. Nc3 b5 13. Bd3 Bb7 14. Rad1 Nxc3 15. Bxc3 Qb6 16. b3 g6 17. h4 Rfd8 18.
h5 Bf8 19. Bb2 Ne7 20. Ng5 Nf5 21. Be4 Bxe4 22. Nxe4 Be7 23. Qg4 Rxd1 24. Rxd1 Rd8 25. Rxd8+ Qxd8 26. hxg6 hxg6 27. Qe2 Qd5 28. Qf3 a5 29. g3 a4 30. bxa4 bxa4 31. Kg2 Qxa2 32. Bc3 Qd5 33. Kg1 a3 34. Qe2 a2 35. Kh2 Qb3 36.
g4 Ng7 37. Qd2 Bb4 38. Qd8+ Kh7 39. Ng5+ Kh6 40. Nxf7+ Kh7 41. Qh8# 1-0

[Event "Late-Titled-Tuesday-Blitz-June-04-2024"]
[Site "Chess.com"]
[Date "2024.06.04"]
[Round "7"]
[White "SahaNeelash"]
[Black "Itay121"]
[Result "1-0"]
[WhiteElo "2679"]
[BlackElo "2533"]
[TimeControl "180+1"]
[EndTime "15:15:37 PDT"]
[Termination "SahaNeelash won by checkmate"]

1. Nf3 Nf6 2. b3 g6 3. Bb2 Bg7 4. g3 O-O 5. Bg2 d5 6. O-O c6 7. c4 Bf5 8. d3 Nbd7 9. Nbd2 Re8 10. Rc1 e5 11. Nh4 Bg4 12. h3 Be6 13. Re1 Rc8 14.
Nhf3 e4 15. Nd4 c5 16. Nxe6 fxe6 17. cxd5 e3 18. fxe3 Nxd5 19. Nc4 Bxb2 20. Nxb2 Nxe3 21. Qd2 Qg5 22. Nc4 Qxg3 23. Qxe3 Qxe3+ 24. Nxe3 b6 25. Rf1 Kg7 26. Nc4 Re7 27. Nd6 Rd8 28. Nc4 Nf6 29. Ne5 Rc7 30. Rf2 Rf8 31. Rcf1 b5 32. Bc6 a6 33. a4 bxa4 34. Bxa4 Rb7 35. Ng4 Nd7 36. Rxf8 Nxf8 37. Nf6 e5 38. Ne8+ Kg8 39. Bc6 Re7 40. Bd5+ Ne6 41. Rf6 h5 42. Rxe6 Rd7 43. Rd6+ Rf7 44.
Rd7 Kh8 45. Rxf7 e4 46. Nf6 exd3 47. Rh7# 1-0

[Event "Late-Titled-Tuesday-Blitz-June-04-2024"]
[Site "Chess.com"]
[Date "2024.06.04"]
[Round "7"]
[White "chessdjw"]
[Black "Nf3c5"]
[Result "0-1"]
[WhiteElo "2755"]
[BlackElo "2624"]
[TimeControl "180+1"]
[EndTime "15:15:42 PDT"]
[Termination "Nf3c5 won on time"]

1. e4 c5 2. Nf3 Nc6 3. Bb5 Na5 4. d4 a6 5. Be2 cxd4 6. Nxd4 e6 7. O-O Nf6 8. e5 Nd5 9. c4 Ne7 10. Bf4 Ng6 11. Bg3 Bc5 12. Nc3 f5 13. exf6 Qxf6 14. Nf3 Qf5 15. Bd3 Qh5 16. Ne4 Nc6 17. Nxc5 Qxc5 18.
Re1 Qh5 19. Bd6 b6 20. Qb3 Qa5 21. Bxg6+ hxg6 22. Ne5 Bb7 23. Qg3 O-O-O 24. Nf7 Nd4 25. Bb8 Qc5 26. Bd6 Qc6 27. Be5 Nf5 28. Qxg6 Nh4 29.
Qg3 Qxg2+ 30. Qxg2 Bxg2 0-1

[Event "Late-Titled-Tuesday-Blitz-June-04-2024"]
[Site "Chess.com"]
[Date "2024.06.04"]
[Round "7"]
[White "gamboajp"]
[Black "merinasian"]
[Result "0-1"]
[WhiteElo "2104"]
[BlackElo "2491"]
[TimeControl "180+1"]
[EndTime "15:15:42 PDT"]
[Termination "merinasian won by checkmate"]

1. c4 Nf6 2. Nc3 e6 3. e4 d6 4. f4 c5 5. Nf3 Nc6 6. Bd3 g6 7. O-O Bg7 8. b3 O-O 9. Bb2 Nd4 10. Nxd4 cxd4 11. Ne2 e5 12. f5 gxf5 13. Ng3 f4 14.
Nh5 Nxh5 15. Qxh5 h6 16. g3 Qg5 17. Be2 f5 18. exf5 Bxf5 19. Qxg5 hxg5 20. h4 Bh3 21. Rf2 e4 22. gxf4 gxf4 23. Rh2 Bd7 24.
Bh5 f3 25. Re1 Bf5 26. Bxf3 exf3 27. Re7 Be5 28. Rf2 Be4 29. c5 Rf7 30. cxd6 Bxd6 31. Rxf7 Kxf7 32. Bxd4 Rg8+ 33. Kf1 Bg3 34. Bxa7 Bxf2 35.
Bxf2 Bd3+ 36. Ke1 Re8+ 37. Be3 Kg6 38. Kf2 Be4 39. a4 Kf5 40. b4 Kg4 41. Bg5 Bc6 42.
b5 Re2+ 43. Kf1 Be4 44. a5 Bd3 45. Kg1 f2+ 46. Kh2 f1=Q# 0-1

[Event "Late-Titled-Tuesday-Blitz-June-04-2024"]
[Site "Chess.com"]
[Date "2024.06.04"]
[Round "7"]
[White "Lennis93"]
[Black "Bilan_Danila"]
[Result "1-0"]
[WhiteElo "2740"]
[BlackElo "2564"]
[TimeControl "180+1"]
[EndTime "15:15:44 PDT"]
[Termination "Lennis93 won by checkmate"]

1. b3 d5 2. Bb2 Nf6 3. Nf3 c5 4. e3 Nc6 5. Bb5 Qb6 6. c4 a6 7. Ba4 e6 8. Bxf6 gxf6 9. cxd5 exd5 10. Nc3 Be6 11. O-O Bd6 12. e4 d4 13. Ne2 Qc7 14.
b4 b5 15. bxc5 Bxc5 16. Rc1 Qd6 17. Bb3 Ba3 18. Rxc6 Qxc6 19. Nexd4 Qd6 20. e5 fxe5 21. Nxe6 fxe6 22. Ng5 O-O 23. Nxe6 Kh8 24. Nxf8 Rxf8 25. Qe2 Bc5 26. g3 Qd4 27. Kg2 a5 28. Bc2 h6 29.
f3 b4 30. Rd1 Kg7 31. Be4 Rd8 32. Qa6 Bb6 33. Qb7+ Rd7 34. Qb8 Qd6 35. Qe8 Re7 36.
Qh5 a4 37. Qg4+ Kf8 38. Kh3 Qe6 39. Bf5 Qd6 40. Rc1 Rc7 41. Rb1 Bc5 42. Be6 Qe7 43. Qg8# 1-0